Unix NetHack Version 5.0.0-0 post-release - last build May 10 2026 23:12:36 (d1fa5d53e341ca933230fdaa984d921c805b60aa,branch:main).

Game began 2026-05-14 01:09:43, ended 2026-05-14 01:45:22.

Foon, lawful female human Valkyrie

                                                   -------------
                                           ########-...........|
                                     #######       |...........|
                                     #  -----      |...........|        ------
                             ------ ##  |...|      |...........|        |..<.|
                            #.....|##   |....#####0|...........|        |.%..|
                            #|....|#   #....|     #-----.-----|-        |....|
                           ##|....|#####--.--           #######        #-....|
                        #@#% |..>.-##     #              ##            #|....|
                    #   r    |....|#      ######   ########            #|....|
                    # ###    ------#           #  ##   # #             #------
                 ---.-#    #########           ####    #######        ##
                 |...|#                   ------.-----      ###      ##
                 |...-#                   |...........##     ##      #
                 |...|                    |..........|  #    #####   #
                 |...|                    |..........|  ##  --|--|-- #
                 -----                ####-..........|   ###.......| #
                                          ------------      |>.....-##
                                                            --------

Foon the Skirmisher         St:15 Dx:14 Co:17 In:9 Wi:11 Ch:7  Lawful
Dlvl:3  $:26 HP:0(45) Pw:7(7) AC:6  Xp:4 T:1929 

Latest messages:
 q - 10 arrows (in quiver).
 The wererat changes into a rat.
 The wererat summons help!
 A sewer rat suddenly appears next to you!
 The wererat bites!
 You miss the sewer rat.
 The sewer rat misses!
 The wererat just misses!
 You miss the sewer rat.
 The sewer rat bites!
 The wererat bites!
 You kill the sewer rat!
 The wererat misses!
 You hit the wererat!
 The wererat bites!
 You miss the wererat.
 The wererat bites!
 You miss the wererat.
 The wererat summons help!
 A sewer rat suddenly appears next to you!
 A rabid rat suddenly appears next to you!
 The wererat bites!
 You hit the wererat.
 The rabid rat misses!
 The sewer rat bites!
 The wererat bites!
 You hit the wererat.
 The rabid rat bites!
 The sewer rat bites!
 The wererat bites!
 You feel feverish.
 You kill the wererat!
 The rabid rat bites!
 The sewer rat bites!
 You miss the sewer rat.
 The rabid rat bites!
 The sewer rat bites!
 You miss the sewer rat.
 The rabid rat bites!
 The sewer rat bites!
 You kill the sewer rat!
 The rabid rat bites!
 You see here 11 darts.
 The sewer rat bites!
 You die...
 Do you want your possessions identified? [ynq] (y)
 Do you want to see your attributes? [ynq] (y)
 Do you want an account of creatures vanquished? [ynaq] (y)
 Do you want to see your conduct and achievements? [ynq] (y)
 Do you want to see the dungeon overview? [ynq] (y)

Inventory:
 Coins    ('$')
  $ - 26 gold pieces
 Amulets  ('"')
  p - an uncursed amulet of guarding
 Weapons  (')')
  q - 10 cursed -1 arrows (in quiver)
  r - a greased +0 bow
  b - a +0 dagger (alternate weapon; not wielded)
  l - a +0 orcish dagger
  a - a +1 spear (weapon in right hand)
 Armor    ('[')
  j - an uncursed +0 orcish helm
  m - an uncursed +0 shield of shock resistance
  c - an uncursed +3 small shield (being worn)
 Comestibles  ('%')
  d - an uncursed food ration
 Scrolls  ('?')
  g - an uncursed scroll of teleportation
 Potions  ('!')
  f - an uncursed potion of healing
 Rings    ('=')
  o - an uncursed ring of teleport control
 Tools    ('(')
  i - an uncursed mirror
  e - an uncursed oil lamp
 Gems/Stones  ('*')
  k - 2 uncursed worthless pieces of black glass

Foon the Valkyrie's attributes:

Background:
 You were a Skirmisher, a level 4 human Valkyrie.
 You were lawful, on a mission for Tyr
 who was opposed by Odin (neutral) and Loki (chaotic).
 You were right-handed.
 You were in the Dungeons of Doom, on level 3.
 You entered the dungeon 1929 turns ago.
 It was nighttime.
 You had 94 experience points, 66 more were needed to attain level 5.

Basics:
 You had 0 out of 45 hit points.
 You had all 7 energy points (spell power).
 Your armor class was 6.
 Your wallet contained 26 zorkmids.
 Autopickup was on for '$' plus thrown.

Final Characteristics:
 Your strength was 15 (peak:17, limit:18/100).
 Your dexterity was 14 (limit:18).
 Your constitution was 17 (limit:18).
 Your intelligence was 9 (limit:18).
 Your wisdom was 11 (limit:18).
 Your charisma was 7 (limit:18).

Final Status:
 You weren't hungry.
 You were unencumbered.
 You were wielding a spear.
 You had basic skill with spear.

Final Attributes:
 You were devoutly aligned.
 You were cold resistant.
 You were level-drain resistant.
 You were stealthy.
 You were a wererat.
 You were harmed by silver.
 You are dead.

Miscellaneous:
 You didn't encounter any bones levels.
 Total elapsed playing time was 35 minutes and 38 seconds.

Major events:
 Turn
    1: Foon the lawful human Valkyrie entered the dungeon
 1116: attained the rank of Skirmisher (level 3)
 1929: killed by a sewer rat

You didn't know any spells.

Skills:
 Fighting Skills
   bare handed combat [Unskilled]
   two weapon combat  [Unskilled]
   riding             [Unskilled]
 Weapon Skills
   dagger             [Basic]
   axe                [Unskilled]
   pick-axe           [Unskilled]
   short sword        [Unskilled]
   broadsword         [Unskilled]
   long sword         [Unskilled]
   two-handed sword   [Unskilled]
   saber              [Unskilled]
   hammer             [Unskilled]
   quarterstaff       [Unskilled]
   polearms           [Unskilled]
   spear              [Basic]
   trident            [Unskilled]
   lance              [Unskilled]
   sling              [Unskilled]
 Spellcasting Skills
   attack spells      [Unskilled]
   escape spells      [Unskilled]

Voluntary challenges:
 Character rerolling was not enabled.
 You were illiterate.
 You never genocided any monsters.
 You never polymorphed an object.
 You used no wishes.
Achievement:
 You attained the rank of Skirmisher.

 The Dungeons of Doom: levels 1 to 3
    Level 1:
       A fountain.
    Level 2:
       Some fountains.
    Level 3: <- You were here.
       Final resting place for
          you, killed by a sewer rat.


Vanquished creatures:
  a homunculus
  a wererat
  a werejackal
 an iguana
  a gas spore
  a giant rat
  a brown mold
  a gnome
  a jackal
  a fox
  2 goblins
  4 sewer rats
  7 grid bugs
  4 lichens
  2 kobold zombies
  4 newts
33 creatures vanquished.

No species were genocided or became extinct.

Game over:
                       ----------
                      /          \
                     /    REST    \
                    /      IN      \
                   /     PEACE      \
                  /                  \
                  |       Foon       |
                  |      26 Au       |
                  |   killed by a    |
                  |    sewer rat     |
                  |                  |
                  |                  |
                  |       2026       |
                 *|     *  *  *      | *
        _________)/\\_//(\/(/\)/\//\/|_)_______

Farvel Foon the Valkyrie...

You died in The Dungeons of Doom on dungeon level 3 with 500 points,
and 26 pieces of gold, after 1929 moves.
You were level 4 with a maximum of 45 hit points when you died.

